Map: Altitude LE

Players

A.I. 1 (Harder)

  • Race: Protoss Protoss
  • Spawn Location: 1:00

elCLAPitan - Winner!

  • Race: Protoss Protoss
  • League: Platinum
  • Spawn Location: 7:00

VOD

Have the link to the VOD?

Description

Time

  • Played on: March 12, 2023, 12:30 p.m.
  • Length: 9:16
Show
View Real Time Build Order
Export as new Build Order

A.I. 1 (Harder) Protoss 

Build Orders:  

Get SALT Encoding   

  12  0:00  Probe  
  13  0:13  Probe  
  14  0:21  Pylon  
  14  0:25  Probe  
  15  0:35  Probe  
  16  0:43  Probe  
  16  0:49  Assimilator  
  17  0:51  Gateway  
  17  0:53  Probe  
  18  1:00  Pylon  
  18  1:01  Probe  
  19  1:22  Probe  
  20  1:40  Zealot  
  20  1:42  Cybernetics Core  
  20  1:43  Gateway  
  20  1:46  Assimilator  
  22  2:05  Pylon  
  22  2:08  Zealot  
  24  2:18  Warp Gate  
  24  2:35  Stalker  
  24  2:36  Stalker  
  28  2:47  Pylon  
  28  2:57  Stalker  
  31  3:05  Probe  
  31  3:06  Adept  
  33  3:17  Probe  
  34  3:25  Adept  
  34  3:26  Pylon  
  34  3:29  Probe  
  37  3:36  Stalker  
  37  3:38  Forge  
  39  3:42  Probe  
  40  3:51  Stalker  
  40  3:54  Probe  
  43  4:06  Probe  
  44  4:46  Protoss Ground Weapons Level 1  
  44  4:47  Sentry  
  44  4:48  Gateway  
  44  4:51  Pylon  
  46  4:54  Zealot  
  48  5:03  Photon Cannon  
  48  5:10  Sentry  
  48  5:12  Robotics Facility  
  50  5:17  Zealot  
  50  5:18  Pylon  
  52  5:28  Stalker  
  46  5:37  Zealot  
  48  5:44  Zealot  
  50  5:51  Adept  
  50  5:55  Photon Cannon  
  52  5:58  Stalker  
  52  5:59  Observer  
  55  6:05  Stalker  
  55  6:06  Twilight Council  
  57  6:21  Observer  
  58  6:28  Nexus  
  58  6:32  Blink  
  58  6:48  Protoss Ground Armor Level 1  
  58  6:50  Stargate  
  58  7:00  Forge  
  58  7:28  Stalker x2  
  58  7:29  Immortal  
  62  7:31  Stalker x2  
  62  7:39  Pylon  
  61  8:03  Void Ray  
  61  8:05  Zealot x2  
  60  8:08  Immortal  
  60  8:11  Stalker  
  37  8:25  Stalker  
  35  8:31  Stalker  
Show
View Real Time Build Order
Export as new Build Order

elCLAPitan Protoss - Winner!

Build Orders: 1 Gate Expand, Zealot Archon, Archon Drop 

Get SALT Encoding   

  12  0:00  Probe  
  13  0:13  Pylon  
  13  0:17  Probe  
  14  0:31  Gateway  
  14  0:34  Probe (Chrono Boost)  
  16  0:43  Probe (Chrono Boost)  
  16  0:47  Assimilator  
  16  0:48  Probe (Chrono Boost)  
  17  1:00  Probe (Chrono Boost)  
  19  1:11  Probe (Chrono Boost)  
  19  1:21  Nexus  
  19  1:32  Cybernetics Core  
  19  1:36  Probe  
  20  1:44  Assimilator  
  20  1:48  Pylon  
  20  1:52  Probe  
  21  2:04  Probe  
  21  2:06  Stalker (Chrono Boost)  
  24  2:11  Warp Gate  
  24  2:16  Probe  
  25  2:28  Probe, Stalker  
  28  2:31  Shield Battery  
  28  2:34  Probe  
  29  2:40  Probe  
  30  2:45  Gateway  
  30  2:48  Probe  
  31  2:58  Probe, Sentry  
  34  3:04  Gateway  
  34  3:08  Pylon  
  34  3:10  Probe  
  35  3:13  Probe  
  36  3:21  Robotics Facility  
  36  3:23  Probe  
  36  3:26  Probe  
  38  3:35  Probe  
  38  3:36  Twilight Council  
  38  3:38  Probe  
  40  3:42  Assimilator  
  40  3:47  Probe  
  41  3:50  Probe  
  42  3:57  Assimilator  
  42  4:01  Stalker x2  
  46  4:03  Probe  
  46  4:04  Probe  
  48  4:10  Pylon  
  48  4:11  Charge  
  48  4:15  Probe  
  49  4:18  Pylon  
  49  4:24  Probe  
  50  4:26  Immortal (Chrono Boost)  
  54  4:31  Probe  
  55  4:46  Gateway  
  55  4:48  Gateway  
  55  4:52  Gateway  
  55  4:56  Immortal (Chrono Boost)  
  59  5:05  Pylon  
  59  5:07  Probe x2  
  61  5:21  Gateway  
  61  5:24  Gateway  
  61  5:26  Gateway  
  61  5:29  Templar Archives  
  59  5:38  Zealot x2  
  59  5:40  Probe  
  59  5:42  Warp Prism (Chrono Boost)  
  66  5:56  Probe  
  67  5:57  Probe  
  68  6:04  Pylon  
  68  6:08  High Templar  
  68  6:09  High Templar x3  
  68  6:10  High Templar  
  78  6:13  Archon x2  
  78  6:22  Pylon  
  78  6:23  High Templar  
  80  6:28  Archon  
  80  6:36  Pylon  
  80  6:37  Pylon  
  80  6:39  Pylon  
  80  6:47  Zealot x3  
  80  6:48  Zealot x2  
  90  6:56  Nexus  
  90  7:05  Probe x2  
  92  7:13  Pylon  
  92  7:16  Zealot x5  
  92  7:17  Pylon, Probe x2  
  104  7:29  Probe x2  
  106  7:33  High Templar  
  106  7:34  High Templar  
  106  7:35  High Templar  
  112  7:37  High Templar  
  112  7:38  High Templar  
  112  7:39  High Templar  
  112  7:41  Probe x2, Archon x2  
  112  7:43  Archon  
  120  7:53  Probe x2  
  119  8:05  Probe x2  
  114  8:17  Probe  
  114  8:18  Probe  
  110  8:29  Probe  
  110  8:30  Probe  
  110  8:33  Zealot  
  110  8:34  Zealot x6  
  116  8:35  Zealot x2  
  130  8:42  Probe x2  
  132  8:48  Probe  
  132  8:51  Assimilator  
  132  8:54  Probe x2, Assimilator  
  133  9:00  Probe  
  134  9:06  Nexus  
  134  9:09  Assimilator  
  137  9:14  Assimilator  
Tags
 
Composition
Zealot Archon
League
Platinum
Matchup
PvP
Spawn Locations
Cross Positions
Strategy
Archon Drop
Add a new tag
Caveats
  • Supply blocks, unpowered buildings, or Contaminate may cause inaccurate times.
  • Supply counts are checked every 10 seconds.